 Dungeon Crawl Stone Soup version 0.19-a0-821-gf489216 (webtiles) character file.

245 Gruud the Ruffian (level 5, -1/42 HPs)
             Began as a Demonspawn Gladiator on June 29, 2016.
             Slain by a goblin
             ... wielding a +0 dagger
             ... led by Robin
              (2 damage)
             ... on level 4 of the Dungeon.
             The game lasted 00:07:10 (2817 turns).

Gruud the Ruffian (Demonspawn Gladiator)            Turns: 2817, Time: 00:07:11

Health: -1/42      AC: 13    Str: 15    XL:     5   Next: 83%
Magic:  5/5        EV:  7    Int: 10    God:
Gold:   110        SH:  0    Dex: 14    Spells: 3 memorised, 1 level left

rFire  . . .     SeeInvis .       - Unarmed
rCold  . . .     Gourm    .     e - +0 chain mail
rNeg   . . .     Faith    .     (no shield)
rPois  .         Spirit   .     b - +0 helmet
rElec  .         Dismiss  .     (no cloak)
rCorr  .         Reflect  .     v - +1 pair of gloves
SustAt .         Harm     .     (no boots)
MR     .....                    (no amulet)
Stlth  ..........               k - ring of stealth
                                f - ring of stealth

@: not resistant to hostile enchantments, extremely unstealthy
A: yellow scales 1, demonic guardian 1
a: no special abilities


You were on level 4 of the Dungeon.
You were not hungry.

You visited 1 branch of the dungeon, and saw 4 of its levels.

You collected 110 gold pieces.

Inventory:

Hand Weapons
 g - a +0 dagger
Missiles
 c - 4 throwing nets
 w - 3 javelins (quivered)
 y - 2 needles of confusion
Armour
 a - a +0 leather armour
 b - a +0 helmet (worn)
 e - a +0 chain mail (worn)
 v - a +1 pair of gloves (worn)
Magical Staves
 x - an uncursed staff of poison
Jewellery
 f - a ring of stealth (left hand)
 k - a ring of stealth (right hand)
 A - an uncursed ring of sustain attributes
Scrolls
 h - 3 scrolls of remove curse {unknown}
 i - a scroll of enchant armour {unknown}
 j - a scroll of identify
 l - a scroll of fog {unknown}
 m - 3 scrolls of magic mapping {unknown}
 q - a scroll of blinking {unknown}
 r - a scroll of enchant weapon {unknown}
 t - a scroll of noise {unknown}
 C - a scroll of recharging {unknown}
Potions
 n - 3 potions of curing
 p - 2 potions of flight
 s - a potion of agility
 u - 2 potions of degeneration {unknown}
 z - a potion of brilliance {unknown}
Comestibles
 d - 2 bread rations
 o - 3 meat rations
 B - 3 fruits


   Skills:
 + Level 3.8 Fighting
 - Level 1.7 Throwing
 - Level 2.6 Dodging
 * Level 5.1 Unarmed Combat


You had one spell level left.
You knew the following spells:

 Your Spells              Type           Power        Failure   Level  Hunger
a - Animate Skeleton      Necr           N/A          100%        1    ##.....
b - Apportation           Tloc           #.........   100%        1    ##.....
c - Confusing Touch       Hex            #.....       100%        1    ##.....


Dungeon Overview and Level Annotations

Branches:
Dungeon (4/15)
 Temple: D:4-7

Altars:
Gozag


Innate Abilities, Weirdness & Mutations

You are partially covered in yellow scales. (AC +2)
A weak demonic guardian rushes to your aid.


Message History

You punch the hobgoblin!
You kill the hobgoblin!
The goblin no longer looks unusually strong.
The goblin barely misses you. The goblin hits you but does no damage.
You closely miss the hobgoblin. The goblin closely misses you.
The goblin hits you but does no damage. x2
You hit the hobgoblin.
The hobgoblin is heavily wounded.
The hobgoblin hits you but does no damage.
The goblin hits you but does no damage. The goblin barely misses you.
The goblin hits you with a club.
* * * LOW HITPOINT WARNING * * *
You hit the hobgoblin.
You kill the hobgoblin!
The goblin hits you with a dagger.
* * * LOW HITPOINT WARNING * * *
The goblin hits you but does no damage. x2
Unknown command.
You barely miss the goblin. The goblin hits you with a dagger.
You die...

.#. ... ... #.# #g#
## #.# ...# #g# #
#..# ##@##.#
#..###ggg#.#
#..##.<....#
#.###..#.......#
..............#
###..#.......#
#.<....#...#
......#.###........
###.....# ##.#.####


You could see a hobgoblin and 4 goblins.

Vanquished Creatures
  An orc wizard (D:3)
  A worker ant (D:4)
  Robin (D:4)
  3 adders
  2 oozes
  5 dart slugs
  7 orcs (D:3)
  2 ball pythons
  14 bats
  5 giant cockroaches
  13 goblins
  12 hobgoblins
  15 jackals
  4 kobolds
  A quokka (D:2)
  3 giant newts
  3 rats
92 creatures vanquished.

Vanquished Creatures (collateral kills)
  An orc wizard (D:3)
  A giant gecko (D:3)
  An orc (D:3)
  A hobgoblin (D:3)
  A rat (D:3)
5 creatures vanquished.

Grand Total: 97 creatures vanquished

Notes
Turn   | Place    | Note
--------------------------------------------------------------
     0 | D:1      | Gruud the Demonspawn Gladiator began the quest for the Orb.
     0 | D:1      | Reached XP level 1. HP: 16/16 MP: 1/1
    91 | D:1      | Reached skill level 3 in Unarmed Combat
    96 | D:1      | Gained mutation: You are partially covered in yellow scales. (AC +2) [demonic ancestry]
    96 | D:1      | Reached XP level 2. HP: 20/22 MP: 2/2
   408 | D:1      | Reached XP level 3. HP: 27/28 MP: 3/3
  1370 | D:2      | Gained mutation: A weak demonic guardian rushes to your aid. [demonic ancestry]
  1370 | D:2      | Reached XP level 4. HP: 29/35 MP: 4/4
  1548 | D:2      | Found an opulent altar of Gozag.
  1776 | D:2      | Reached skill level 4 in Unarmed Combat
  2118 | D:3      | Reached XP level 5. HP: 12/41 MP: 5/5
  2583 | D:3      | Found an opulent altar of Gozag.
  2586 | D:3      | Learned a level 1 spell: Animate Skeleton
  2588 | D:3      | Learned a level 1 spell: Apportation
  2590 | D:3      | Learned a level 1 spell: Confusing Touch
  2772 | D:4      | Reached skill level 5 in Unarmed Combat
  2784 | D:4      | Noticed Robin
  2812 | D:4      | Killed Robin
  2816 | D:4      | HP: 1/42 [goblin/dagger[Robin] (6)]
  2817 | D:4      | Slain by a goblin

Vault maps used:
D:1:      onia_arrival_pyramid
D:2:      nicolae_gozag_seed_capital, uniq_crazy_yiuf_cottage
D:3:      nicolae_overflow_crystal_walls, minmay_close_crescents
D:4:      lemuel_round_altar, old_standard_altar, nicolae_ru_awakened_eye,
          lemuel_old_faithful, uniq_robin, uniq_duvessa

Skill      XL: |  1  2  3  4  5 |
---------------+----------------+-----
Unarmed Combat | 3 4 5 |  5.1
Fighting       | 3 |  3.8
Throwing       | |  1.7
Dodging        | |  2.6

Action                   |  1- 3 |  4- 6 || total
-------------------------+-------+-------++-------
Melee: Unarmed           |   247 |   248 ||   495
       Punch             |     1 |     6 ||     7
Throw: Javelin           |       |     3 ||     3
       Throwing net      |       |     1 ||     1
  Use: Scroll            |     3 |       ||     3
  Eat: Chunk             |     2 |     5 ||     7
Armor: Chain mail        |   201 |   224 ||   425
Dodge: Dodged            |   106 |   145 ||   251
